 Dungeon Crawl Stone Soup version 0.24.1-14-gf8d2b509d9 (webtiles) character file.

Game seed: 17985216298865348412, levelgen mode: deterministic

16086 Hugehornet the Basher (level 12, -37/71 HPs)
             Began as a Gargoyle Fighter on May 24, 2020.
             Was a Priest of Cheibriados.
             Killed from afar by a fire dragon (39 damage)
             ... with a blast of flame
             ... on level 10 of the Dungeon.
             The game lasted 00:22:49 (13267 turns).

Hugehornet the Basher (Gargoyle Fighter)           Turns: 13267, Time: 00:22:50

Health: -37/71     AC: 27    Str: 31    XL:     12   Next: 33%
Magic:  4/16       EV:  7    Int: 20    God:    Cheibriados [***...]
Gold:   751        SH: 13    Dex: 16    Spells: 11/11 levels left

rFire    . . .     SeeInvis +   n - +0 mace (venom)
rCold    . . .     Gourm    .   c - +0 shield
rNeg     + . .     Faith    .   H - +0 plate armour
rPois    ∞         Spirit   .   e - +0 helmet
rElec    +         Reflect  .   g - +0 cloak
rCorr    .         Harm     .   (no gloves)
MR       .....                  v - +0 pair of boots
Stlth    ..........             (no amulet)
HPRegen  0.21/turn              x - ring of see invisible
MPRegen  0.15/turn              I - +3 ring of strength

@: very slightly contaminated, invisible, very slow
A: negative energy resistance 1, electricity resistance, unbreathing,
petrification resistance, rot immunity, AC +8
a: Bend Time, Temporal Distortion, Renounce Religion


You were on level 10 of the Dungeon.
You worshipped Cheibriados.
Cheibriados was most pleased with you.
You were near starving.

You visited 2 branches of the dungeon, and saw 11 of its levels.

You collected 751 gold pieces.

Inventory:

Hand Weapons
 a - a +0 flail
 n - a +0 mace of venom (weapon)
 E - a +0 trident of venom
Armour
 c - a +0 shield (worn)
 e - a +0 helmet (worn)
 g - a +0 cloak (worn)
 m - a +0 chain mail
 v - a +0 pair of boots (worn)
 w - a +0 large shield
 H - a +0 plate armour (worn)
Jewellery
 l - an uncursed ring of magical power
 x - a ring of see invisible (left hand)
 I - a +3 ring of strength (right hand)
 J - an uncursed amulet of guardian spirit
Wands
 C - a wand of acid (7)
 G - a wand of paralysis (4)
Scrolls
 b - a scroll of random uselessness {unknown}
 d - 4 scrolls of enchant weapon {unknown}
 j - a scroll of amnesia
 o - a scroll of noise {unknown}
 q - 4 scrolls of remove curse
 r - 2 scrolls of magic mapping
 t - 4 scrolls of teleportation
 y - 2 scrolls of enchant armour {unknown}
 z - a scroll of identify
 A - 2 scrolls of fear
 B - 2 scrolls of immolation {unknown}
 F - a scroll of acquirement {unknown}
Potions
 h - a potion of experience {unknown}
 i - 2 potions of flight
 k - 2 potions of brilliance
 s - 3 potions of lignification
 u - 2 potions of degeneration {unknown}
 D - a potion of mutation {unknown}
Comestibles
 f - 18 rations


   Skills:
 + Level 6.9 Fighting
 - Level 14.0 Maces & Flails
 * Level 9.3 Armour
 * Level 9.4 Shields
 + Level 5.9 Invocations


You had 11 spell levels left.
You didn't know any spells.
Your spell library contained the following spells:

 Spells                   Type           Power        Failure   Level  Hunger
 Animate Skeleton         Necr           N/A          95%         1    ##.....
 Apportation              Tloc           #.....       95%         1    ##.....
 Confusing Touch          Hex            #.....       95%         1    ##.....
 Summon Small Mammal      Summ           #...         95%         1    ##.....
 Bolt of Magma            Conj/Fire/Erth #.........   100%        5    ######.
 Iskenderun's Battlesphe  Conj/Chrm      #.......     100%        5    ######.
 Venom Bolt               Conj/Pois      #.........   100%        5    ######.
 Iron Shot                Conj/Erth      #.........   100%        6    #######
 Orb of Destruction       Conj           #.........   100%        7    #######
 Spellforged Servitor     Conj/Summ      #.........   100%        7    #######


Dungeon Overview and Level Annotations

Branches:
Dungeon (10/15)            Temple (1/1) D:4            Lair (0/6) D:10
    Orc (0/2) D:10

Altars:
Ashenzari
Cheibriados
Dithmenos
Elyvilon
Fedhas
Gozag
Hepliaklqana
Kikubaaqudgha
Makhleb
Nemelex Xobeh
Okawaru
Qazlal
Ru
Sif Muna
Trog
Uskayaw
Vehumet
Wu Jian
Xom
Yredelemnul
Zin
The Shining One

Annotations:
D:8 2 transporters, orehx's ghost, journeyman MiWn


Innate Abilities, Weirdness & Mutations

You are resistant to torment.
Your stone body is resilient. (AC +8)
You are immune to poison.
You resist negative energy. (rN+)
You are resistant to electric shocks. (rElec)
You can survive without breathing.
You are immune to petrification.
You are immune to rotting.


Message History

You closely miss the fire dragon.
The fire dragon is heavily wounded.
The fire dragon bites you but does no damage.
You block the fire dragon's attack. The fire dragon barely misses you.
You fade into invisibility!
The fire dragon breathes flames at you. The blast of flame hits you!!
* * * LOW HITPOINT WARNING * * *
You are very lightly contaminated with residual magic.
Unknown command.
The fire dragon barely misses you. x2; The fire dragon closely misses you.
You hit the fire dragon.
The fire dragon is severely wounded.
The fire dragon bites you but does no damage.
The fire dragon claws you but does no damage.
The fire dragon tramples you but does no damage.
The fire dragon breathes flames at you. The blast of flame hits you!!!
Ouch! That really hurt!
You die...

..#....(....##.......##.# #...#
..#.#.#.#.#.#..#####..#.# #!..#
..#..#.#.#..#.##...## #.###..<#
..#.#.....#.#.#...}.# #..##...#
#.#..#...#..'.......# #.......#
#.#.#.....#.#.#.....# #.###...#
#.#..#.#.#..#.##...## #.# #>..#
#.#.#.#.#.#.#..#####..#.# #...#
#.#.........##D.@....##.# #...#
#.#####################.# #...#
#.......................# #...#
#############.#######.#####...#
#.................#
###############...# #####


You could see a fire dragon.

Vanquished Creatures
  Harold (D:8)
  Erica (D:9)
  A two-headed ogre (D:9)
  A centaur warrior (D:10)
  An unseen horror (D:10)
  A lindwurm (shapeshifter) (D:10)
  A cyclops (D:10)
  Joseph (D:9)
  2 trolls (D:10)
  A jumping spider (shapeshifter) (D:10)
  4 hippogriffs
  A meliai zombie (D:10)
  Sigmund (D:5)
  9 spriggans
  2 vampires (D:10)
  7 yaks
  A wyvern (D:9)
  A wraith (D:10)
  2 steam dragons
  Grum (D:8)
  2 insubstantial wisps (D:8)
  3 ice beasts
  12 orc warriors
  8 sky beasts
  3 black bears (D:9)
  3 eyes of draining (D:5)
  2 phantoms
  2 ogres
  A necrophage (D:10)
  3 wolves (D:8)
  3 centaurs
  2 big kobolds
  7 bullfrogs
  4 scorpions
  6 killer bees
  3 howler monkeys (D:10)
  4 crimson imps
  A centaur zombie (D:10)
  A bullfrog zombie (D:5)
  A quasit (D:10)
  2 hounds
  2 jellies
  7 orc priests
  2 bullfrog skeletons
  A centaur skeleton (D:5)
  An iron imp (D:8)
  9 orc wizards
  Jessica (D:3)
  Natasha (thrice) (D:3)
  4 iguanas
  8 worker ants
  A killer bee zombie (D:9)
  A hound zombie (D:5)
  A hound skeleton (D:8)
  2 worker ant zombies
  Robin (D:3)
  A howler monkey zombie (D:5)
  5 gnolls (D:5)
  15 adders
  A howler monkey skeleton (D:9)
  3 shadow imps
  2 adder zombies
  An adder skeleton (D:4)
  4 dart slugs
  2 worms
  4 leopard geckos
  36 orcs
  6 bats
  7 giant cockroaches
  8 hobgoblins
  6 jackals
  6 kobolds
  2 quokkas
  2 ball pythons
  4 frilled lizards
  12 goblins
  A jackal zombie (D:9)
  11 rats
296 creatures vanquished.

Vanquished Creatures (others)
  A killer bee zombie (D:8)
1 creature vanquished.

Grand Total: 297 creatures vanquished

Notes
Turn   | Place    | Note
-------+----------+-------------------------------------------
     0 | D:1      | Hugehornet the Gargoyle Fighter began the quest for the
                  | Orb.
     0 | D:1      | Reached XP level 1. HP: 14/14 MP: 1/1
   158 | D:1      | Reached XP level 2. HP: 13/19 MP: 2/2
   351 | D:1      | Reached skill level 3 in Maces & Flails
   505 | D:1      | Reached XP level 3. HP: 22/23 MP: 3/3
   857 | D:2      | Found a sparkling altar of Nemelex Xobeh.
  1010 | D:2      | Reached skill level 4 in Maces & Flails
  1068 | D:2      | Reached XP level 4. HP: 28/28 MP: 4/4
  1679 | D:3      | Noticed Jessica
  1681 | D:3      | Killed Jessica
  1746 | D:3      | Found a glowing golden altar of the Shining One.
  1760 | D:3      | Reached skill level 5 in Maces & Flails
  1814 | D:3      | Reached XP level 5. HP: 32/32 MP: 5/5
  2025 | D:3      | Noticed Robin
  2058 | D:3      | Killed Robin
  2283 | D:3      | Noticed Natasha
  2298 | D:3      | Killed Natasha
  2540 | D:3      | Noticed Natasha
  2561 | D:3      | Killed Natasha
  2710 | D:3      | Noticed Natasha
  2720 | D:3      | Killed Natasha
  2720 | D:3      | Reached skill level 6 in Maces & Flails
  2897 | D:4      | Reached XP level 6. HP: 34/37 MP: 6/6
  2967 | D:4      | Found a staircase to the Ecumenical Temple.
  2983 | Temple   | Entered the Ecumenical Temple
  3381 | D:3      | Found an ornate altar of the Wu Jian Council.
  3448 | D:5      | Entered Level 5 of the Dungeon
  3494 | D:5      | Reached skill level 7 in Maces & Flails
  3521 | D:5      | Reached XP level 7. HP: 10/41 MP: 7/7
  3821 | D:5      | Reached skill level 8 in Maces & Flails
  3961 | D:5      | Noticed Sigmund
  3976 | D:5      | Killed Sigmund
  4186 | D:5      | Found a bloodstained altar of Trog.
  4208 | D:5      | Reached skill level 9 in Maces & Flails
  4208 | D:5      | Reached XP level 8. HP: 45/46 MP: 0/8
  5131 | D:5      | Reached skill level 10 in Maces & Flails
  5773 | D:6      | Reached skill level 11 in Maces & Flails
  6056 | D:6      | Found a shimmering blue altar of Sif Muna.
  6433 | D:7      | Reached XP level 9. HP: 51/51 MP: 9/9
  6528 | D:7      | Found a hide-covered altar of Uskayaw.
  7289 | D:7      | Found an ancient bone altar of Kikubaaqudgha.
  7289 | D:7      | Found a radiant altar of Vehumet.
  7290 | D:7      | Found a blossoming altar of Fedhas.
  7310 | D:7      | Reached skill level 12 in Maces & Flails
  7583 | D:7      | Found a basalt altar of Yredelemnul.
  7676 | D:7      | Found a white marble altar of Elyvilon.
  8019 | D:8      | Noticed Grum
  8052 | D:8      | Killed Grum
  8052 | D:8      | Reached skill level 13 in Maces & Flails
  8166 | D:8      | Reached XP level 10. HP: 43/56 MP: 10/10
  8691 | D:8      | Found a snail-covered altar of Cheibriados.
  8708 | D:8      | Became a worshipper of Cheibriados the Contemplative
  8896 | D:8      | Reached skill level 14 in Maces & Flails
  9256 | D:8      | Found a transporter.
  9257 | D:8      | Noticed orehx's ghost (journeyman MiWn)
  9257 | D:8      | Found a bloodstained altar of Trog.
  9258 | D:8      | Noticed a moth of wrath
  9272 | D:8      | Found a transporter.
  9375 | D:8      | Noticed Harold
  9399 | D:8      | Killed Harold
  9399 | D:8      | Reached skill level 1 in Invocations
  9833 | D:9      | Reached * piety under Cheibriados
  9833 | D:9      | Reached skill level 5 in Shields
  9848 | D:9      | Reached skill level 5 in Armour
 10153 | D:9      | Reached XP level 11. HP: 62/62 MP: 13/13
 10459 | D:9      | Reached skill level 5 in Fighting
 10729 | D:9      | Noticed Joseph
 10729 | D:9      | Noticed Erica
 10733 | D:9      | Paralysed by Erica for 4 turns
 10745 | D:9      | Paralysed by Erica for 2 turns
 10748 | D:9      | Killed Erica
 10767 | D:9      | Killed Joseph
 10767 | D:9      | Reached ** piety under Cheibriados
 11115 | D:9      | Noticed a two-headed ogre
 11130 | D:9      | Killed a two-headed ogre
 11478 | D:9      | Found a stormy altar of Qazlal.
 11574 | D:10     | Entered Level 10 of the Dungeon
 11711 | D:10     | Reached *** piety under Cheibriados
 11785 | D:10     | Found a staircase to the Orcish Mines.
 12150 | D:10     | Found a staircase to the Lair.
 12374 | D:10     | Reached skill level 5 in Invocations
 12447 | D:10     | Reached **** piety under Cheibriados
 12455 | D:10     | Noticed an unseen horror
 12471 | D:10     | Killed an unseen horror
 12471 | D:10     | Reached XP level 12. HP: 17/71 MP: 14/16
 12934 | D:10     | Noticed a centaur warrior
 12948 | D:10     | Killed a centaur warrior
 13249 | D:10     | Noticed a fire dragon
 13263 | D:10     | HP: 1/71 [fire dragon/blast of flame (26)]
 13267 | D:10     | Killed from afar by a fire dragon

Levels and vault maps discovered:
D:1:      saegor_arrival_simple_e, layout_rooms
D:2:      layout_rooms, nemelex_altar_shiori
D:3:      layout_basic, tso_oasis_becter, nicolae_overflow_hidden_temple,
          uniq_jessica, uniq_robin, uniq_natasha
D:4:      layout_rooms, minmay_temple_entry_slanted
D:5:      layout_rooms, trog_eyes_of_draining, first_ration,
          minmay_misc_feat_ornament, uniq_sigmund
D:6:      layout_basic, old_standard_altar
D:7:      layout_loops_ring, kennysheep_ying_yang,
          gammafunk_temple_overflow_forgotten, eat_drink_and_be_merry_uskayaw,
          the_bakery
D:8:      layout_basic, slow_altar_2, gammafunk_ghost_wrathful_warriors,
          hangedman_decor_peaks_small, minmay_misc_feat_five, st_stairs_6,
          hangedman_misty_isle, uniq_harold, uniq_grum
D:9:      kb_forest_paths, layout_basic, kennysheep_mini, uniq_joseph,
          uniq_erica
D:10:     layout_cross, dpeg_oklobed_lair, david_orc_4, minmay_the_grid_2x2
          [minmay_the_grid_doors, minmay_the_grid_gridbox,
          minmay_the_grid_dragon_b, minmay_the_grid_prize_four_corners]
Temple:   nicolae_temple_figure_zero

Skill      XL: |  1  2  3  4  5  6  7  8  9 10 11 12 |
---------------+-------------------------------------+-----
Maces & Flails | 3 4 5 6 7 9 11 13 14 | 14.0
Armour         | 5 8 9 |  9.3
Shields        | 5 8 9 |  9.4
Invocations    | 3 5 |  5.9
Fighting       | 4 6 |  6.9

Action                   |  1- 3 |  4- 6 |  7- 9 | 10-12 || total
-------------------------+-------+-------+-------+-------++-------
Melee: Flail             |   127 |   244 |   382 |       ||   753
       Mace              |       |       |   122 |   882 ||  1004
Invok: Bend Time         |       |       |       |     1 ||     1
       Slouch            |       |       |       |     2 ||     2
       Temporal Distorti |       |       |       |     1 ||     1
  Use: Scroll            |     1 |     7 |       |     4 ||    12
       Potion            |       |     2 |     3 |     7 ||    12
 Stab: Invisible         |       |       |       |     4 ||     4
  Eat: Chunk             |     1 |     8 |    15 |     8 ||    32
       Ration            |       |       |       |     1 ||     1
Armor: Scale mail        |    40 |       |       |       ||    40
       Chain mail        |    40 |   160 |   252 |    53 ||   505
       Plate armour      |       |       |       |   383 ||   383
Dodge: Dodged            |    43 |    57 |    93 |   131 ||   324
Block: Shield            |    60 |   108 |   234 |   399 ||   801
